 Dungeon Crawl Stone Soup version 0.31.0-32-g396128a36d (webtiles) character file.

Game seed: 5707883518730539297

8621 Uridium100 the Cleaver (level 11, -1/99 HPs)
             Began as a Hill Orc Fighter on Mar 8, 2024.
             Was a Priest of Nemelex Xobeh.
             Slain by a yak (11 damage)
             ... on level 2 of the Lair of Beasts.
             The game lasted 01:10:44 (8500 turns).

Uridium100 the Cleaver (Hill Orc Fighter)           Turns: 8500, Time: 01:10:44

Health: -1/99      AC: 17    Str: 28    XL:     11   Next: 33%
Magic:  20/20      EV: 10    Int:  8    God:    Nemelex Xobeh [***...]
Gold:   677        SH:  5    Dex: 10    Spells: 9/10 levels left

rFire   . . .        C - +2 hand axe (heavy)
rCold   . . .        c - +0 buckler
rNeg    . . .        f - +0 chain mail of Cumif {+Blink rElec Str+4}
rPois   +            E - +0 helmet
rElec   +            K - scarf {+Inv}
rCorr   .            z - +1 pair of gloves
SInv    .            u - +0 pair of boots
Will    .....        (no amulet) Stlth
                     O - ring of poison resistance
HPRegen 0.36/turn    Q - ring of magical power
MPRegen 0.17/turn

%: no passive effects
@: no status effects
A: no striking features
a: Renounce Religion, Evoke Blink, Evoke Invisibility, Draw Escape, Draw
Destruction, Draw Summoning, Triple Draw


You were on level 2 of the Lair of Beasts.
You worshipped Nemelex Xobeh.
Nemelex Xobeh was most pleased with you.
You visited 2 branches of the dungeon, and saw 10 of its levels.

You collected 677 gold pieces.

Inventory:

Hand Weapons
 a - a +0 war axe
 g - a +2 short sword of speed
 C - a +2 heavy hand axe (weapon)
 F - a +2 mace of freezing
 H - a +2 falchion
 I - a +1 scimitar of freezing
Missiles
 l - 18 poisoned darts (quivered)
 M - 3 datura-tipped darts
Armour
 b - a +0 scale mail
 c - a +0 buckler (worn)
 f - the +0 chain mail of Cumif (worn) {+Blink rElec Str+4}
   (You found it on level 3 of the Dungeon)

   Str+4:     It affects your strength (+4).
   rElec:     It insulates you from electricity.
   +Blink:    It lets you blink.
 s - a +0 plate armour
 u - a +0 pair of boots (worn)
 x - a +1 cloak
 z - a +1 pair of gloves (worn)
 E - a +0 helmet (worn)
 K - a scarf of invisibility (worn)
 U - a scarf of invisibility
Magical Staves
 e - a staff of conjuration
 o - a staff of fire
Jewellery
 O - a ring of poison resistance (left hand)
 Q - a ring of magical power (right hand)
Talismans
 T - a blade talisman
Wands
 y - a wand of flame (39)
 G - a wand of iceblast (17)
 P - a wand of mindburst (13)
Scrolls
 h - 4 scrolls of amnesia
 j - 4 scrolls of enchant weapon
 k - a scroll of noise
 m - a scroll of vulnerability {unknown}
 n - 4 scrolls of teleportation {unknown}
 q - a scroll of fear
 t - 3 scrolls of immolation {unknown}
 A - a scroll of enchant armour {unknown}
 D - 3 scrolls of revelation {unknown}
 N - 2 scrolls of blinking {unknown}
 S - a scroll of identify
 V - a scroll of poison {unknown}
Potions
 d - 2 potions of might
 i - 5 potions of curing
 r - a potion of haste
 v - 3 potions of lignification
 w - 2 potions of enlightenment
 B - a potion of resistance
 J - 2 potions of magic {unknown}
 L - 2 potions of attraction {unknown}
 R - a potion of degeneration {unknown}


   Skills:
 + Level 9.7 Fighting
 + Level 14.2 Axes
 + Level 10.5 Armour
 + Level 2.7 Dodging
 + Level 1.7 Stealth
 + Level 6.5 Shields


You had 9 spell levels left.
You knew the following spells:

 Your Spells              Type           Power      Damage    Failure   Level
a - Foxfire               Conj/Fire      0%         2x1d4     87%         1

Your spell library contained the following spells:

 Spells                   Type           Power      Damage    Failure   Level
 Lesser Beckoning         Tloc           0%         N/A       95%         2
 Fugue of the Fallen      Necr           0%         N/A       99%         3
 Gell's Gravitas          Tloc           0%         N/A       99%         3
 Ozocubu's Armour         Ice            0%         N/A       99%         3
 Teleport Other           Tloc           0%         N/A       99%         3
 Anguish                  Hex/Necr       0%         N/A       100%        4
 Brom's Barrelling Bould  Conj/Erth      0%         2d3       100%        4
 Cause Fear               Hex            0%         N/A       100%        4
 Manifold Assault         Tloc           0%         N/A       100%        4
 Fireball                 Conj/Fire      0%         3d3       100%        5
 Iskenderun's Battlesphe  Conj           0%         2d6       100%        5
 Conjure Ball Lightning   Conj/Air       0%         3x3d6     100%        6
 Dispersal                Tloc           0%         N/A       100%        6
 Plasma Beam              Fire/Air       0%         2x1d10    100%        6
 Starburst                Conj/Fire      0%         6d3       100%        6
 Enfeeble                 Hex            0%         N/A       100%        7
 Orb of Destruction       Conj           0%         9d5       100%        7


Dungeon Overview and Level Annotations

Branches:
Dungeon (8/15)             Temple (0/1) D:7            Lair (2/5) D:8
  Swamp: Lair:2-3    Shoals: Lair:2-3     Snake: Lair:2-3    Spider: Lair:2-3

Altars:
Dithmenos
Gozag
Makhleb
Nemelex Xobeh
Ru
Sif Muna
Trog
Uskayaw
Vehumet
Zin
The Shining One


Message History

The yak gores you!
A yak comes into view.
The yak bellows! x2
You hit the yak.
The yak is heavily wounded.
The yak closely misses you.
You hit the yak.
The yak is heavily wounded.
A yak comes into view.
You block the yak's attack.
You slash the yak!
The yak is almost dead.
The yak closely misses you.
You slash the yak!
You kill the yak!
The yak gores you but does no damage.
You see here a yak corpse.
You closely miss the yak. You hit the yak. You slash the yak!
The yak gores you!
* * * LOW HITPOINT WARNING * * *
The yak barely misses you.
You closely miss the yak. You slash the yak! You hit the yak.
You slice the yak!!
The yak is heavily wounded.
You completely miss the yak. You slash the yak! The yak gores you.
* * * LOW HITPOINT WARNING * * *
The yak gores you.
* * * LOW HITPOINT WARNING * * *
You block the yak's attack.
You slash the yak!
The yak is almost dead.
You hit the yak but do no damage. You hit the yak. You slash the yak!
You kill the yak!
The yak gores you.
* * * LOW HITPOINT WARNING * * *
The yak gores you!
* * * LOW HITPOINT WARNING * * *
The yak gores you!
You die...
Your body glows slightly and disappears.

.........# ##.....
........#### ...#.. .
#.........## ...... >
#.........###...... .
###.#......#.#..... .##
#.......(..P....# ...
..###.#...........#.##....
........#.......YY†......P
........##......@Y.......#
.................†........
.........##..#...###.#...#
.....<....####...P# ## #.#
.....##...# ##..## .
...#.##..## #..#
...####...# ...# ...#
#....# .P... ....
............


You could see 3 yaks.

Vanquished Creatures
  A boulder beetle (Lair:2)
  2 two-headed ogres
  A black mamba (Lair:1)
  A komodo dragon (Lair:1)
  3 cane toads
  A hornet (D:5)
  A wraith (D:7)
  A wyvern (Lair:2)
  7 yaks
  Eustachio (D:5)
  Menkaure (D:5)
  A water moccasin (Lair:1)
  An orc warrior (D:6)
  5 sky beasts
  3 ice beasts
  2 black bears
  11 wolves (Lair:1)
  3 phantoms
  Blork the orc (D:5)
  3 bullfrogs
  A scorpion (D:5)
  5 wights (D:6)
  4 killer bees (D:8)
  A bombardier beetle (D:7)
  2 hounds
  A jelly (D:4)
  2 gnoll boudas
  An orc priest (D:5)
  A sleepcap (D:6)
  7 orc wizards
  5 iguanas
  11 gnolls
  4 adders
  A shadow imp (D:7)
  2 ufetubi (D:5)
  2 ribbon worms (D:2)
  5 dart slugs
  19 orcs
  5 bats
  3 endoplasms
  7 giant cockroaches
  6 goblins
  7 hobgoblins
  6 quokkas
  6 ball pythons
  6 frilled lizards
  8 kobolds
  23 rats
201 creatures vanquished.

Notes
Turn   | Place    | Note
-------+----------+-------------------------------------------
     0 | D:1      | Uridium100 the Hill Orc Fighter began the quest for the
                  | Orb.
     0 | D:1      | Reached XP level 1. HP: 19/19 MP: 1/1
    88 | D:1      | Found a faded altar of an unknown god.
   107 | D:1      | Reached XP level 2. HP: 16/27 MP: 2/2
   265 | D:1      | Reached XP level 3. HP: 29/33 MP: 3/3
   504 | D:1      | Reached skill level 3 in Axes
  1045 | D:2      | Reached XP level 4. HP: 41/41 MP: 4/4
  1282 | D:2      | Reached skill level 4 in Axes
  1552 | D:2      | You fall into a shaft and drop 1 floor!
  1591 | D:3      | Found a sparkling altar of Nemelex Xobeh.
  1859 | D:3      | Found a shadowy altar of Dithmenos.
  1911 | D:3      | Became a worshipper of Nemelex Xobeh the Trickster
  2192 | D:3      | Reached XP level 5. HP: 47/47 MP: 5/5
  2249 | D:3      | Found a bloodstained altar of Trog.
  2328 | D:3      | Found an opulent altar of Gozag.
  2357 | D:3      | Found a shimmering blue altar of Sif Muna.
  2666 | D:3      | Identified the +0 chain mail of Cumif {+Blink rElec Str+4}
  2800 | D:4      | Reached skill level 5 in Axes
  2986 | D:4      | Found a glowing golden altar of the Shining One.
  3111 | D:4      | Noticed a phantom
  3122 | D:4      | Killed a phantom
  3123 | D:4      | Reached skill level 6 in Axes
  3123 | D:4      | Reached XP level 6. HP: 55/55 MP: 6/6
  3430 | D:5      | Entered Level 5 of the Dungeon
  3452 | D:5      | Reached * piety under Nemelex Xobeh
  3458 | D:5      | Received a gift from Nemelex Xobeh
  3599 | D:5      | Noticed Blork the orc
  3616 | D:5      | Killed Blork the orc
  3617 | D:5      | Reached skill level 5 in Fighting
  3640 | D:5      | Reached skill level 7 in Axes
  3659 | D:5      | Reached XP level 7. HP: 30/61 MP: 7/7
  3780 | D:5      | Found a radiant altar of Vehumet.
  3881 | D:5      | Found a glowing silver altar of Zin.
  3881 | D:5      | Noticed an angel
  3913 | D:5      | Reached skill level 5 in Armour
  3963 | D:5      | Found a sacrificial altar of Ru.
  3977 | D:5      | Reached skill level 8 in Axes
  4217 | D:5      | Noticed Eustachio
  4226 | D:5      | Reached XP level 8. HP: 69/70 MP: 8/8
  4244 | D:5      | Killed Eustachio
  4245 | D:5      | Reached skill level 1 in Dodging
  4282 | D:5      | Learned a level 1 spell: Foxfire
  4560 | D:5      | Reached skill level 9 in Axes
  4710 | D:5      | Noticed a hornet
  4710 | D:5      | Noticed Menkaure
  4715 | D:5      | Killed a hornet
  4716 | D:5      | Reached skill level 1 in Stealth
  4723 | D:5      | Killed Menkaure
  5001 | D:6      | Reached skill level 10 in Axes
  5015 | D:6      | Reached XP level 9. HP: 49/78 MP: 9/9
  5375 | D:6      | Reached skill level 5 in Shields
  5644 | D:6      | Reached skill level 11 in Axes
  5913 | D:7      | Received a gift from Nemelex Xobeh
  6068 | D:7      | Found a burning altar of Makhleb.
  6147 | D:7      | Reached ** piety under Nemelex Xobeh
  6173 | D:7      | Found a hide-covered altar of Uskayaw.
  6284 | D:7      | Found a staircase to the Ecumenical Temple.
  6346 | D:7      | Noticed a two-headed ogre
  6352 | D:7      | Killed a two-headed ogre
  6353 | D:7      | Reached skill level 12 in Axes
  6498 | D:7      | Reached XP level 10. HP: 88/88 MP: 10/10
  6873 | D:8      | Noticed a two-headed ogre
  6881 | D:8      | Killed a two-headed ogre
  6882 | D:8      | Reached skill level 13 in Axes
  7340 | D:8      | Found a staircase to the Lair.
  7378 | Lair:1   | Entered Level 1 of the Lair of Beasts
  7726 | Lair:1   | Received a gift from Nemelex Xobeh
  7757 | Lair:1   | Noticed a cane toad
  7788 | Lair:1   | Killed a cane toad
  7990 | Lair:1   | Noticed a cane toad
  7992 | Lair:1   | Noticed a black mamba
  7996 | Lair:1   | Killed a cane toad
  7997 | Lair:1   | Reached XP level 11. HP: 60/97 MP: 11/11
  7999 | Lair:1   | Reached skill level 14 in Axes
  7999 | Lair:1   | Reached skill level 10 in Armour
  8135 | Lair:1   | Reached *** piety under Nemelex Xobeh
  8406 | Lair:2   | Noticed a boulder beetle
  8439 | Lair:2   | Killed a boulder beetle
  8500 | Lair:2   | Slain by a yak

Illustrated notes

Levels and vault maps discovered:
D:1:      dpeg_arrival_snail, layout_loops_ring,
          chequers_ecumenical_altar_island, kennysheep_flooded_box
D:2:      layout_rooms, dreamdust_wishing_well, skrybe_limestone_x,
          minmay_rat_hole
D:3:      layout_loops_cross, kennysheep_orc_sif_temple, trog_antimagical,
          mainiacjoe_overflow_small_starburst, nicolae_dithmenos_shadow_blocks,
          nicolae_gozag_seed_capital, minmay_misc_feat_plants,
          kennysheep_generic_room_2
D:4:      layout_basic, lemuel_tele_altar, serial_library_hellmonk_room_c,
          minmay_fountain_box
D:5:      layout_basic, nicolae_ru_great_annihilating_truth, vehumet_crystals,
          zin_angel, uniq_menkaure, uniq_blork_the_orc, uniq_eustachio
D:6:      layout_loops_cross
D:7:      layout_basic, makhleb_heckhound_becter,
          mainiacjoe_overflow_six_doors_small,
          minmay_temple_entry_enclosed_plants, minmay_misc_feat_five,
          minmay_misc_feat_four_crosses, hangedman_minor_gate_pass
D:8:      layout_basic, lair_entry_dummy, dk_vineyard_3
Lair:1:   layout_gridlike, lemuel_old_faithful
Lair:2:   layout_chaotic_city, shoals_dummy_entry, spider_nest_entry_funnel_web,
          basic_altar, grunt_megastairs_5, serial_bayou_shore_b,
          infiniplex_staircase_pool_2

Skill      XL: |  1  2  3  4  5  6  7  8  9 10 11 |
---------------+----------------------------------+-----
Fighting       | 4 5 6 7 9 |  9.7
Axes           | 3 4 6 7 8 10 12 13 14 | 14.2
Armour         | 4 5 6 8 9 10 | 10.5
Shields        | 4 5 6 |  6.5
Dodging        | 1 2 |  2.7
Stealth        | 1 |  1.7

Action                     |  1- 3 |  4- 6 |  7- 9 | 10-12 || total
---------------------------+-------+-------+-------+-------++-------
  Melee: War axe           |    93 |   240 |    83 |       ||   416
         Hand axe          |       |       |   160 |   190 ||   350
    Use: Scroll            |       |     9 |       |       ||     9
         Potion            |       |     1 |     1 |     2 ||     4
   Stab: Invisible         |       |       |     1 |       ||     1
         Paralysed         |       |       |     1 |       ||     1
 Armour: Scale mail        |    86 |    79 |       |       ||   165
         Plate armour      |       |    60 |       |       ||    60
         Chain mail        |       |    55 |   175 |   138 ||   368
  Dodge: Dodged            |    41 |    70 |    96 |    76 ||   283
  Block: Buckler           |    19 |    49 |    55 |    60 ||   183
